| TOP OF THE 1ST |
|
Rice University Owls batting - Pitching for Stanford University Cardinal : RHP Noël Antuofermo
|
|
Pitching: RHP Noël Antuofermo
|
|
|
Batting: LHB Chris Gonzales
|
0-0: Called Strike 0-1: Foul Ball, location: 2F 0-2: SOLO HOME RUN (Flyball, 89XD, EV 115.0 MPH), Distance : 455 ft
|
|
Batting: RHB Javier Quinones
|
0-0: Ground out 6-3 (Groundball, 6, EV 90.0 MPH)
|
|
Batting: RHB Jose Soto
|
0-0: Foul Ball, location: 2F 0-1: Fly out, F8 (Flyball, 8LXD, EV 97.5 MPH)
|
|
Batting: SHB Ken Wilson
|
0-0: Ground out 5-3 (Groundball, 5, EV 88.1 MPH)
|
| Top of the 1st over - 1 run, 1 hit, 0 errors, 0 left on base; Rice University 1 - Stanford University 0 |
| BOTTOM OF THE 1ST |
|
Stanford University Cardinal batting - Pitching for Rice University Owls : RHP Freddie Darlington
|
|
Pitching: RHP Freddie Darlington
|
|
|
Batting: RHB Josh Benefield
|
0-0: Called Strike 0-1: Foul Ball, location: 2F 0-2: Foul Ball, location: 2F 0-2: SINGLE (Groundball, 6MS, EV 68.1 MPH) (infield hit)
|
|
Batting: RHB Bobby Orantez
|
0-0: Ball 1-0: SINGLE (Line Drive, 89S, EV 105.6 MPH) Josh Benefield to second
|
|
Batting: LHB Donny Kleinjan
|
0-0: Foul Ball, location: 2F 0-1: Foul Ball, location: 2F 0-2: Strikes out swinging
|
|
Batting: RHB Joe Petley
|
0-0: Called Strike 0-1: Foul Ball, location: 2F 0-2: Ball 1-2: Foul Ball, location: 2F 1-2: Fly out, F8 (Flyball, 8LD, EV 98.1 MPH)
|
|
Batting: RHB Dzevat Koljevic
|
0-0: Ball 1-0: Called Strike 1-1: Foul Ball, location: 2F 1-2: Ground out 4-3 (Groundball, 34D, EV 106.9 MPH)
|
| Bottom of the 1st over - 0 runs, 2 hits, 0 errors, 2 left on base; Rice University 1 - Stanford University 0 |
| TOP OF THE 2ND |
|
Rice University Owls batting - Pitching for Stanford University Cardinal : RHP Noël Antuofermo
|
|
Batting: RHB Neil Worth
|
0-0: Called Strike 0-1: Foul Ball, location: 2F 0-2: Ball 1-2: Ball 2-2: Ground out U3 (Groundball, 34S, EV 80.0 MPH)
|
|
Batting: SHB Dave Van Sickle
|
0-0: Called Strike 0-1: Fly out, F8 (Flyball, 89M, EV 90.0 MPH)
|
|
Batting: RHB Bill Turcotte
|
0-0: Ball 1-0: Ball 2-0: Fly out, F8 (Flyball, 8RM, EV 85.6 MPH)
|
| Top of the 2nd over - 0 runs, 0 hits, 0 errors, 0 left on base; Rice University 1 - Stanford University 0 |
| BOTTOM OF THE 2ND |
|
Stanford University Cardinal batting - Pitching for Rice University Owls : RHP Freddie Darlington
|
|
Batting: SHB Philippe Huff
|
0-0: Ball 1-0: Foul Ball, location: 2F 1-1: Ball 2-1: Ball 3-1: Base on Balls
|
|
Batting: RHB Eric McDonald
|
0-0: Foul Ball, location: 2F 0-1: Ball 1-1: Ball 2-1: SINGLE (Groundball, 6D, EV 101.9 MPH) Philippe Huff to second
|
|
Batting: RHB Mike Gard
|
0-0: Swinging Strike 0-1: Called Strike 0-2: Ball 1-2: Strikes out swinging
|
|
Batting: LHB Mike Keating
|
0-0: Ball 1-0: Ball 2-0: Ball 3-0: Called Strike 3-1: Called Strike 3-2: Foul Ball, location: 2F 3-2: Fly out, F8 (Flyball, 8LD, EV 98.8 MPH)
|
|
Batting: RHB Josh Benefield
|
0-0: Ball 1-0: Swinging Strike 1-1: Ball 2-1: Ball 3-1: Foul Ball, location: 2F 3-2: Foul Ball, location: 2F 3-2: Fly out, F7 (Flyball, 7S, EV 87.5 MPH)
|
| Bottom of the 2nd over - 0 runs, 1 hit, 0 errors, 2 left on base; Rice University 1 - Stanford University 0 |
| TOP OF THE 3RD |
|
Rice University Owls batting - Pitching for Stanford University Cardinal : RHP Noël Antuofermo
|
|
Batting: RHB Allen Jarvis
|
0-0: SINGLE (Groundball, 5S, EV 60.6 MPH) (infield hit)
|
|
Batting: RHB Emanuel Pulido
|
0-0: SINGLE (Line Drive, 89S, EV 94.4 MPH) Allen Jarvis to second Runner from 2nd tries for 3rd, SAFE, throw by CF made to third
|
|
Batting: LHB Chris Gonzales
|
0-0: Ball 1-0: Called Strike 1-1: Ball 2-1: Called Strike 2-2: Strikes out swinging
|
|
Batting: RHB Javier Quinones
|
0-0: Ball 1-0: Ball 2-0: Called Strike 2-1: Ball 3-1: Called Strike 3-2: Foul Ball, location: 2F 3-2: Fielders Choice at 2nd, 6-4 (Groundball, 6M, EV 104.4 MPH) Allen Jarvis scores
|
|
Batting: RHB Jose Soto
|
0-0: Called Strike 0-1: DOUBLE (Flyball, 89D, EV 101.9 MPH) Javier Quinones to third
|
|
Pinch Runner at 2nd Brock Ti:
|
|
|
Batting: SHB Ken Wilson
|
0-0: SINGLE (Groundball, 4MD, EV 110.6 MPH) Javier Quinones scores Brock Ti to third Runner from 3rd tries for Home, SAFE, throw by CF to home
|
|
Batting: RHB Neil Worth
|
0-0: Ball 1-0: Called Strike 1-1: Ball 2-1: Foul Ball, location: 2F 2-2: Foul Ball, location: 2F 2-2: Ball 3-2: Foul Ball, location: 2F 3-2: SINGLE (Groundball, 34D, EV 96.2 MPH) Ken Wilson to second Ken Wilson to third
|
|
Batting: SHB Dave Van Sickle
|
0-0: Foul Ball, location: 2F 0-1: Called Strike 0-2: Ball 1-2: Fielders Choice at 2nd, 6-4 (Groundball, 6, EV 80.6 MPH)
|
| Top of the 3rd over - 3 runs, 5 hits, 0 errors, 2 left on base; Rice University 4 - Stanford University 0 |
| BOTTOM OF THE 3RD |
|
Stanford University Cardinal batting - Pitching for Rice University Owls : RHP Freddie Darlington
|
|
Now in LF: Brock Ti
|
|
|
Batting: RHB Bobby Orantez
|
0-0: Ball 1-0: Called Strike 1-1: Ball 2-1: Swinging Strike 2-2: Strikes out looking
|
|
Batting: LHB Donny Kleinjan
|
0-0: Ball 1-0: Foul Ball, location: 2F 1-1: Ball 2-1: Foul Ball, location: 2F 2-2: Ball 3-2: Base on Balls
|
|
Batting: RHB Joe Petley
|
0-0: Swinging Strike 0-1: Foul Ball, location: 2F 0-2: Strikes out swinging
|
|
Batting: RHB Dzevat Koljevic
|
0-0: Called Strike 0-1: Ball 1-1: Foul Ball, location: 2F 1-2: Foul Ball, location: 2F 1-2: Foul Ball, location: 2F 1-2: Ball 2-2: Ball 3-2: Foul Ball, location: 2F 3-2: Base on Balls Donny Kleinjan to second
|
|
Batting: SHB Philippe Huff
|
0-0: Ball 1-0: Ball 2-0: Ball 3-0: Base on Balls Donny Kleinjan to third Dzevat Koljevic to second
|
|
Batting: RHB Eric McDonald
|
0-0: Ball 1-0: Called Strike 1-1: Swinging Strike 1-2: Fly out, F9 (Flyball, 89M, EV 90.0 MPH)
|
| Bottom of the 3rd over - 0 runs, 0 hits, 0 errors, 3 left on base; Rice University 4 - Stanford University 0 |
| TOP OF THE 4TH |
|
Rice University Owls batting - Pitching for Stanford University Cardinal : RHP Noël Antuofermo
|
|
Batting: RHB Bill Turcotte
|
0-0: Ball 1-0: Ball 2-0: Foul Ball, location: 2F 2-1: Ball 3-1: Foul Ball, location: 2F 3-2: Base on Balls
|
|
Batting: RHB Allen Jarvis
|
0-0: Called Strike 0-1: Foul Ball, location: 2F 0-2: Ball 1-2: Hit by Pitch Bill Turcotte to second
|
|
Batting: RHB Emanuel Pulido
|
0-0: Ball 1-0: Swinging Strike 1-1: Ball 2-1: Ball 3-1: Base on Balls Bill Turcotte to third Allen Jarvis to second
|
|
Batting: LHB Chris Gonzales
|
0-0: Ball 1-0: Fly out, F5 (Popup, 25F, EV 91.2 MPH)
|
|
Batting: RHB Javier Quinones
|
0-0: Foul Ball, location: 2F 0-1: Foul Ball, location: 2F 0-2: SINGLE (Groundball, 56D, EV 95.6 MPH) Bill Turcotte scores Allen Jarvis to third Emanuel Pulido to second Runner from 3rd tries for Home, throw by LF and OUT! 7-2 Emanuel Pulido to third Javier Quinones to second
|
|
Pitching: RHP Andy Swan
|
|
|
Batting: RHB Brock Ti
|
0-0: Swinging Strike 0-1: Swinging Strike 0-2: Ball 1-2: Fly out, F8 (Flyball, 89D, EV 90.6 MPH)
|
| Top of the 4th over - 1 run, 1 hit, 0 errors, 2 left on base; Rice University 5 - Stanford University 0 |
| BOTTOM OF THE 4TH |
|
Stanford University Cardinal batting - Pitching for Rice University Owls : RHP Freddie Darlington
|
|
Batting: RHB Mike Gard
|
0-0: Ball 1-0: Ground out 4-3 (Groundball, 4MS, EV 70.0 MPH)
|
|
Batting: LHB Mike Keating
|
0-0: Ground out 4-3 (Groundball, 4M, EV 89.4 MPH)
|
|
Batting: RHB Josh Benefield
|
0-0: Ball 1-0: Called Strike 1-1: Ball 2-1: Called Strike 2-2: Ground out 5-3 (Groundball, 5, EV 103.1 MPH)
|
| Bottom of the 4th over - 0 runs, 0 hits, 0 errors, 0 left on base; Rice University 5 - Stanford University 0 |
| TOP OF THE 5TH |
|
Rice University Owls batting - Pitching for Stanford University Cardinal : RHP Andy Swan
|
|
Batting: SHB Ken Wilson
|
0-0: Ball 1-0: Ball 2-0: Ball 3-0: Base on Balls
|
|
Batting: RHB Neil Worth
|
0-0: Ball 1-0: Called Strike Pickoff Throw to First - Out! 1-3 1-1: SINGLE (Groundball, 4M, EV 98.8 MPH)
|
|
Batting: SHB Dave Van Sickle
|
0-0: Swinging Strike 0-1: Foul Ball, location: 2F 0-2: Fly out, F7 (Flyball, 7D, EV 83.1 MPH)
|
|
Batting: RHB Bill Turcotte
|
0-0: 2-RUN HOME RUN (Flyball, 89XD, EV 110.6 MPH), Distance : 418 ft
|
|
Batting: RHB Allen Jarvis
|
0-0: Ball 1-0: Ball 2-0: Swinging Strike 2-1: Called Strike 2-2: Ball 3-2: Base on Balls
|
|
Pitching: RHP Dante Verduzco
|
|
|
Batting: RHB Emanuel Pulido
|
0-0: Ball 1-0: Foul Ball, location: 2F 1-1: SINGLE (Line Drive, 4MD, EV 94.4 MPH) Allen Jarvis to second
|
|
Batting: LHB Chris Gonzales
|
0-0: Ball 1-0: Ball 2-0: Ball 3-0: Called Strike 3-1: Base on Balls Allen Jarvis to third Emanuel Pulido to second
|
|
Batting: RHB Javier Quinones
|
0-0: Foul Ball, location: 2F 0-1: Foul Ball, location: 2F 0-2: Fielders Choice at 2nd, 6-4 (Groundball, 6, EV 90.6 MPH)
|
| Top of the 5th over - 2 runs, 3 hits, 0 errors, 3 left on base; Rice University 7 - Stanford University 0 |
| BOTTOM OF THE 5TH |
|
Stanford University Cardinal batting - Pitching for Rice University Owls : RHP Freddie Darlington
|
|
Pitching: RHP Nate Gulley
|
|
|
Batting: RHB Bobby Orantez
|
0-0: SOLO HOME RUN (Flyball, 78XD, EV 100.0 MPH), Distance : 401 ft
|
|
Batting: LHB Donny Kleinjan
|
0-0: Ball 1-0: Ball 2-0: Swinging Strike 2-1: Fly out, F9 (Flyball, 89D, EV 91.2 MPH)
|
|
Batting: RHB Joe Petley
|
0-0: Ball 1-0: Ground out U3 (Groundball, 3L, EV 83.8 MPH)
|
|
Batting: RHB Dzevat Koljevic
|
0-0: Fly out, F8 (Flyball, 8LD, EV 100.0 MPH)
|
| Bottom of the 5th over - 1 run, 1 hit, 0 errors, 0 left on base; Rice University 7 - Stanford University 1 |
| TOP OF THE 6TH |
|
Rice University Owls batting - Pitching for Stanford University Cardinal : RHP Dante Verduzco
|
|
Batting: RHB Brock Ti
|
0-0: Ground out 4-3 (Groundball, 4, EV 85.6 MPH)
|
|
Batting: SHB Ken Wilson
|
0-0: Called Strike 0-1: Ball 1-1: Ground out U3 (Groundball, 3, EV 99.4 MPH)
|
|
Batting: RHB Neil Worth
|
0-0: Called Strike 0-1: Ball 1-1: Foul Ball, location: 2F 1-2: Foul Ball, location: 2F 1-2: Ball 2-2: Foul Ball, location: 2F 2-2: Foul Ball, location: 2F 2-2: SINGLE (Flyball, 34D, EV 83.8 MPH)
|
|
Batting: SHB Dave Van Sickle
|
0-0: Called Strike 0-1: Ball 1-1: Foul Ball, location: 2F 1-2: Strikes out looking
|
| Top of the 6th over - 0 runs, 1 hit, 0 errors, 1 left on base; Rice University 7 - Stanford University 1 |
| BOTTOM OF THE 6TH |
|
Stanford University Cardinal batting - Pitching for Rice University Owls : RHP Nate Gulley
|
|
Batting: SHB Philippe Huff
|
0-0: Ball 1-0: Called Strike 1-1: Ball 2-1: Foul Ball, location: 2F 2-2: Strikes out swinging
|
|
Batting: RHB Eric McDonald
|
0-0: Called Strike 0-1: Ball 1-1: SINGLE (Groundball, 34D, EV 97.5 MPH)
|
|
Batting: RHB Mike Gard
|
0-0: 2-RUN HOME RUN (Flyball, 78XD, EV 110.6 MPH), Distance : 414 ft
|
|
Pitching: RHP Michael Benford
|
|
|
Batting: LHB Mike Keating
|
0-0: Ball 1-0: Ball 2-0: DOUBLE (Line Drive, 89D, EV 111.2 MPH)
|
|
Batting: RHB Josh Benefield
|
0-0: Ball 1-0: Swinging Strike 1-1: Ball 2-1: SINGLE (Line Drive, 89S, EV 105.0 MPH) Mike Keating to third Runner from 3rd tries for Home, SAFE, throw by RF to home Josh Benefield to second
|
|
Batting: RHB Bobby Orantez
|
0-0: Ground out 5-3 (Groundball, 5S, EV 82.5 MPH)
|
|
Batting: LHB Donny Kleinjan
|
0-0: Ball 1-0: Foul Ball, location: 2F 1-1: Ball 2-1: Ball 3-1: Base on Balls
|
|
Batting: RHB Ricky Medina
|
0-0: Foul Ball, location: 2F 0-1: Called Strike 0-2: Foul Ball, location: 2F 0-2: Ball 1-2: Strikes out swinging
|
| Bottom of the 6th over - 3 runs, 4 hits, 0 errors, 2 left on base; Rice University 7 - Stanford University 4 |
| TOP OF THE 7TH |
|
Rice University Owls batting - Pitching for Stanford University Cardinal : RHP Dante Verduzco
|
|
Pitching: RHP Joe Kill
|
|
|
Batting: RHB Bill Turcotte
|
0-0: Called Strike 0-1: Ball 1-1: Called Strike 1-2: Ball 2-2: SINGLE (Groundball, 34D, EV 103.1 MPH)
|
|
Batting: RHB Allen Jarvis
|
0-0: Ball 1-0: Fielders Choice at 2nd, 4-6 (Groundball, 4, EV 108.8 MPH)
|
|
Batting: RHB Emanuel Pulido
|
0-0: Called Strike 0-1: Swinging Strike 0-2: Ball 1-2: Ball 2-2: Ball 3-2: Foul Ball, location: 2F 3-2: Grounds into double play, 4-6-3 (Groundball, 4, EV 103.8 MPH)
|
| Top of the 7th over - 0 runs, 1 hit, 0 errors, 0 left on base; Rice University 7 - Stanford University 4 |
| BOTTOM OF THE 7TH |
|
Stanford University Cardinal batting - Pitching for Rice University Owls : RHP Michael Benford
|
|
Pitching: LHP Joe Fleury
|
|
|
Batting: RHB Dzevat Koljevic
|
0-0: Ball 1-0: Swinging Strike 1-1: Foul Ball, location: 2F 1-2: Fly out, F9 (Flyball, 9LM, EV 97.5 MPH)
|
|
Batting: SHB Philippe Huff
|
0-0: Foul Ball, location: 9LSF, Error on foul ball, E9 0-1: Foul Ball, location: 2F 0-2: Strikes out swinging
|
|
Batting: RHB Eric McDonald
|
0-0: Ball 1-0: Ball 2-0: Ball 3-0: Called Strike 3-1: Called Strike 3-2: Foul Ball, location: 2F 3-2: SINGLE (Groundball, 34S, EV 62.5 MPH) (infield hit)
|
|
Batting: RHB Mike Gard
|
0-0: Reached on error, E4 (Groundball, 4S, EV 87.5 MPH) Eric McDonald to second
|
|
Batting: LHB Mike Keating
|
0-0: Ball 1-0: Fly out, F7 (Flyball, 78S, EV 88.1 MPH)
|
| Bottom of the 7th over - 0 runs, 1 hit, 2 errors, 2 left on base; Rice University 7 - Stanford University 4 |
| TOP OF THE 8TH |
|
Rice University Owls batting - Pitching for Stanford University Cardinal : RHP Joe Kill
|
|
Pitching: LHP Larry Steen
|
|
|
Batting: LHB Chris Gonzales
|
0-0: SINGLE (Flyball, 89S, EV 86.9 MPH)
|
|
Batting: RHB Javier Quinones
|
0-0: Called Strike 0-1: Foul Ball, location: 2F 0-2: Fly out, F7 (Flyball, 78S, EV 85.0 MPH)
|
|
Batting: RHB Brock Ti
|
0-0: Ball 1-0: Ball Wild Pitch! Chris Gonzales to second 2-0: Ground out 5-3 (Groundball, 56S, EV 87.5 MPH)
|
|
Batting: SHB Ken Wilson
|
0-0: Called Strike 0-1: Ball 1-1: Called Strike 1-2: Foul Ball, location: 2F 1-2: Foul Ball, location: 2F 1-2: 2-RUN HOME RUN (Flyball, 8RXD, EV 113.1 MPH), Distance : 453 ft
|
|
Batting: RHB Neil Worth
|
0-0: Ball 1-0: SOLO HOME RUN (Flyball, 7D, EV 95.6 MPH), Distance : 386 ft
|
|
Batting: SHB Dave Van Sickle
|
0-0: Called Strike 0-1: Swinging Strike 0-2: Fly out, F7 (Flyball, 7LS, EV 75.6 MPH)
|
| Top of the 8th over - 3 runs, 3 hits, 0 errors, 0 left on base; Rice University 10 - Stanford University 4 |
| BOTTOM OF THE 8TH |
|
Stanford University Cardinal batting - Pitching for Rice University Owls : LHP Joe Fleury
|
|
Pitching: RHP Bill Lightheart
|
|
|
Batting: RHB Josh Benefield
|
0-0: Called Strike 0-1: SINGLE (Line Drive, 78M, EV 102.5 MPH)
|
|
Batting: RHB Bobby Orantez
|
0-0: Ball 1-0: Called Strike 1-1: Swinging Strike 1-2: Ball 2-2: Foul Ball, location: 2F 2-2: 2-RUN HOME RUN (Flyball, 7LD, EV 96.9 MPH), Distance : 368 ft
|
|
Pitching: LHP Shan Ping
|
|
|
Batting: LHB Donny Kleinjan
|
0-0: Ball 1-0: Swinging Strike 1-1: Ball 2-1: Ball 3-1: Base on Balls
|
|
Pitching: LHP Mitchell Carter
|
|
|
Batting: RHB Ricky Medina
|
0-0: Ball 1-0: Foul Ball, location: 2F 1-1: Foul Ball, location: 2F 1-2: Strikes out swinging
|
|
Batting: RHB Dzevat Koljevic
|
0-0: Grounds into double play, 4-6-3 (Groundball, 4S, EV 82.5 MPH)
|
| Bottom of the 8th over - 2 runs, 2 hits, 0 errors, 0 left on base; Rice University 10 - Stanford University 6 |
| TOP OF THE 9TH |
|
Rice University Owls batting - Pitching for Stanford University Cardinal : LHP Larry Steen
|
|
Batting: RHB Bill Turcotte
|
0-0: Swinging Strike 0-1: Ball 1-1: Foul Ball, location: 2F 1-2: Fly out, F4 (Popup, 4, EV 77.5 MPH)
|
|
Batting: RHB Allen Jarvis
|
0-0: Ball 1-0: SINGLE (Line Drive, 6D, EV 94.4 MPH)
|
|
Batting: RHB Emanuel Pulido
|
0-0: SINGLE (Groundball, 56, EV 101.2 MPH) (infield hit) Allen Jarvis to second
|
|
Batting: LHB Chris Gonzales
|
0-0: Ball 1-0: Ball 2-0: Ball 3-0: Base on Balls Allen Jarvis to third Emanuel Pulido to second
|
|
Batting: RHB Javier Quinones
|
0-0: Ball 1-0: Foul Ball, location: 2F 1-1: Foul Ball, location: 2F 1-2: DOUBLE (Line Drive, 9LM, EV 96.2 MPH) Allen Jarvis scores Emanuel Pulido scores Chris Gonzales to third Runner from 3rd tries for Home, SAFE, throw by RF to trailing runner, OUT at third! 9-3-5
|
|
Batting: RHB Brock Ti
|
0-0: Ball 1-0: Called Strike 1-1: Ball 2-1: SINGLE (Line Drive, 89M, EV 96.9 MPH)
|
|
Batting: SHB Ken Wilson
|
0-0: Called Strike 0-1: SINGLE (Groundball, 56D, EV 102.5 MPH) Brock Ti to second
|
|
Pinch Hitting: LHB Aldred Lieshout
|
0-0: Called Strike 0-1: Ball 1-1: Ball 2-1: Ball 3-1: Base on Balls Brock Ti to third Ken Wilson to second
|
|
Batting: SHB Dave Van Sickle
|
0-0: Fly out, F9 (Flyball, 9, EV 86.9 MPH)
|
| Top of the 9th over - 3 runs, 5 hits, 0 errors, 3 left on base; Rice University 13 - Stanford University 6 |
| BOTTOM OF THE 9TH |
|
Stanford University Cardinal batting - Pitching for Rice University Owls : LHP Mitchell Carter
|
|
Now at 1B: Aldred Lieshout
|
|
|
Batting: SHB Philippe Huff
|
0-0: Swinging Strike 0-1: Ball 1-1: Ball 2-1: Ball 3-1: Base on Balls
|
|
Batting: RHB Eric McDonald
|
0-0: Called Strike 0-1: SINGLE (Groundball, 5D, EV 103.1 MPH) Philippe Huff to second
|
|
Pinch Hitting: RHB Gary Preston
|
0-0: Called Strike 0-1: Ball 1-1: Called Strike 1-2: Foul Ball, location: 2F 1-2: Fly out, F7 (Flyball, 7S, EV 85.0 MPH)
|
|
Batting: LHB Mike Keating
|
0-0: Ball 1-0: Called Strike 1-1: Foul Ball, location: 2F 1-2: Ball 2-2: Fielders Choice at 2nd, 3-6 (Groundball, 3, EV 83.8 MPH) Philippe Huff to third
|
|
Batting: RHB Josh Benefield
|
0-0: DOUBLE (Flyball, 89D, EV 110.0 MPH) Philippe Huff scores Mike Keating to third
|
|
Batting: RHB Bobby Orantez
|
0-0: Ball 1-0: Ball Wild Pitch! Mike Keating scores Josh Benefield to third 2-0: Ball 3-0: Base on Balls
|
|
Pitching: RHP Daniel Bushby
|
|
|
Batting: LHB Donny Kleinjan
|
0-0: Called Strike 0-1: Ball 1-1: Called Strike 1-2: SINGLE (Line Drive, 3D, EV 107.5 MPH) Josh Benefield scores Bobby Orantez to second
|
|
Batting: RHB Ricky Medina
|
0-0: Called Strike 0-1: Ball 1-1: Fielders Choice at 2nd, 5-4 (Groundball, 56, EV 104.4 MPH)
|
| Bottom of the 9th over - 3 runs, 3 hits, 0 errors, 2 left on base; Rice University 13 - Stanford University 9 |
|